 Dungeon Crawl Stone Soup version 0.19-a0-1622-g1bbd97d (webtiles) character file.

165 TheGoonsmith the Chopper (level 5, 0/70 HPs)
             Began as a Hill Orc Gladiator on Sept 17, 2016.
             Succumbed to Jessica's poison
             ... on level 2 of the Dungeon.
             The game lasted 00:02:41 (1263 turns).

TheGoonsmith the Chopper (Hill Orc Gladiator)       Turns: 1263, Time: 00:02:41

Health: 0/70       AC: 22    Str: 19    XL:     5   Next: 46%
Magic:  14/14      EV:  2    Int:  8    God:
Gold:   47         SH:  0    Dex: 11    Spells: 0 memorised, 4 levels left

rFire  . . .     SeeInvis .     a - +1 war axe
rCold  . . .     Gourm    .     (armour currently unavailable)
rNeg   + + +     Faith    .     (no shield)
rPois  +         Spirit   .     (helmet currently unavailable)
rElec  .         Dismiss  .     (cloak currently unavailable)
rCorr  .         Reflect  .     (gloves currently unavailable)
MR     .....     Harm     .     (boots currently unavailable)
Stlth  .......... NoTele   +    q - amulet of inaccuracy (curse)
                                n - ring of magical power
                                l - ring of loudness (curse)

@: lethally poisoned (0 -> -22), tree-form
A: no striking features
a: no special abilities


You were on level 2 of the Dungeon.
You were not hungry.
You were a tree.
You visited 1 branch of the dungeon, and saw 2 of its levels.

You collected 47 gold pieces.

Inventory:

Hand Weapons
 a - a +1 war axe (weapon)
Missiles
 d - 3 throwing nets (quivered)
Armour
 b - a +0 leather armour (melded)
 c - a +0 helmet (melded)
 m - a +0 pair of gloves (melded)
Jewellery
 l - a cursed ring of loudness (left branch)
 n - a ring of magical power (right branch)
 p - a cursed ring of loudness
 q - a cursed amulet of inaccuracy (around neck)
Scrolls
 e - a scroll of identify
 g - a scroll of teleportation
Comestibles
 f - 3 bread rations
 h - 4 fruits
 i - a chunk of flesh
 o - a slice of pizza


   Skills:
 + Level 4.4 Fighting
 * Level 6.7 Axes
 - Level 1.7 Throwing
 - Level 2.4 Dodging


You had 4 spell levels left.
You didn't know any spells.

Dungeon Overview and Level Annotations

Branches:
Dungeon (2/15)

Altars:


Message History

You are more poisoned.
You turn into a tree.
Your +0 helmet melds into your body.
Your +0 pair of gloves melds into your body.
Your +0 leather armour melds into your body.
Your roots penetrate the ground.
* * * LOW HITPOINT WARNING * * *
You feel very sick. Jessica completely misses you.
You slash Jessica!
You kill Jessica!
* * * LOW HITPOINT WARNING * * *
You feel very sick.
You cannot move.
There is a lethal amount of poison in your body!
There is a lethal amount of poison in your body!
* * * LOW HITPOINT WARNING * * *
You feel very sick.
* * * LOW HITPOINT WARNING * * *
You feel sick.
You die...

#.#.#.# ##...... #.#.#.####
#..##.. #.#.#....# #
#...... ....###..##### .#
#..###. ###..........# ##.#
#..###. #.#.#.##+#####...
#...##. ..#............#
#.#.##.
#.#..........########+#.##.
#.#.#.......♣.#
.............
#..........)..#
.......).....
....#.........#
%............
#####.........#
............. ..........†.#
#.........#..
#.#.######...........#.....
#.#. #...........#.##.. #
#. #...........#.#..> ##
......§##.....#...


There were no monsters in sight!

Vanquished Creatures
  Jessica (D:2)
  Natasha (thrice) (D:2)
  2 adders (D:2)
  A worm (D:2)
  2 dart slugs (D:1)
  A leopard gecko (D:2)
  A ball python (D:1)
  A giant cockroach (D:1)
  5 goblins
  5 hobgoblins
  7 kobolds
  A quokka (D:2)
  6 bats
  2 frilled lizards
  4 rats (D:1)
42 creatures vanquished.

Notes
Turn   | Place    | Note
-------+----------+-------------------------------------------
     0 | D:1      | TheGoonsmith the Hill Orc Gladiator began the quest for the Orb.
     0 | D:1      | Reached XP level 1. HP: 18/18 MP: 1/1
    19 | D:1      | Reached XP level 2. HP: 25/25 MP: 2/2
   395 | D:1      | Reached XP level 3. HP: 26/31 MP: 3/3
   584 | D:1      | Reached skill level 5 in Axes
   700 | D:2      | Noticed Natasha
   725 | D:2      | Killed Natasha
   725 | D:2      | Reached XP level 4. HP: 10/40 MP: 4/4
  1222 | D:2      | Noticed Natasha
  1232 | D:2      | Killed Natasha
  1232 | D:2      | Reached skill level 6 in Axes
  1232 | D:2      | Reached XP level 5. HP: 14/46 MP: 5/5
  1241 | D:2      | Noticed Natasha
  1245 | D:2      | Killed Natasha
  1253 | D:2      | Noticed Jessica
  1260 | D:2      | Killed Jessica
  1262 | D:2      | HP: 2/70 [poisoned by Jessica]
  1263 | D:2      | Succumbed to Jessica's poison

Vault maps used:
D:1:      minmay_arrival_radiant_lines
D:2:      first_bread, uniq_natasha, uniq_jessica

Skill      XL: |  1  2  3  4 |
---------------+-------------+-----
Fighting       | 3 4 |  4.4
Axes           | 5 6 |  6.7
Throwing       | |  1.7
Dodging        | |  2.4

Action                   |  1- 3 |  4- 6 || total
-------------------------+-------+-------++-------
Melee: War axe           |    76 |    54 ||   130
  Use: Potion            |     1 |     1 ||     2
       Scroll            |       |     4 ||     4
  Eat: Chunk             |       |     1 ||     1
Armor: Leather armour    |    17 |    21 ||    38
       Skin              |    18 |       ||    18
Dodge: Dodged            |    40 |    44 ||    84
